 Dungeon Crawl Stone Soup version 0.26-a0-665-gefeb406119 (webtiles) character file.

Game seed: 276210704889950891

53715 snetch the Severer (level 14, -4/130 HPs)
             Began as a Minotaur Berserker on Oct 14, 2020.
             Was a High Priest of Trog.
             Killed from afar by a raiju (16 damage)
             ... with a living lightning
             ... on level 2 of the Abyss.
             The game lasted 01:04:28 (16888 turns).

snetch the Severer (Minotaur Berserker)            Turns: 16888, Time: 01:04:28

Health: -4/130     AC: 19    Str: 25 (26) XL:     14   Next: 31%
Magic:  13/13      EV: 12    Int:  7      God:    Trog [*****.]
Gold:   833        SH:  5    Dex: 17      Spells: 13/13 levels left

rFire    + . .     SeeInvis +   a - +4 executioner's axe (vorpal)
rCold    + . .     Faith    .   (shield currently unavailable)
rNeg     . . .     Spirit   .   Y - +3 chain mail {rF+}
rPois    .         Reflect  +   (helmet restricted)
rElec    .         Harm     .   O - +1 cloak of Catatonia {Int+3 SInv Stlth+}
rCorr    .         Rampage  .   X - +0 pair of gloves
MR       +++..     Rnd*Rage +   j - +2 pair of boots
Stlth    ..........             H - amulet of reflection
HPRegen  1.31/turn              L - ring of protection from cold
MPRegen  0.13/turn              i - +6 ring of dexterity

@: regenerating
A: retaliatory headbutt, horns 2, berserk 1, deformed body, deterioration 1
a: Berserk, Trog's Hand, Brothers in Arms, Renounce Religion


You were on level 2 of the Abyss.
You worshipped Trog.
Trog was extremely pleased with you.
You visited 2 branches of the dungeon, and saw 16 of its levels.
You visited the Abyss 2 times.
You also visited: Sewer.

You collected 872 gold pieces.
You spent 39 gold pieces at shops.

Inventory:

Hand Weapons
 a - a +4 vorpal executioner's axe (weapon)
 b - a +5 morningstar
 c - a +3 halberd
 C - a +0 battleaxe of flaming
Missiles
 d - 490 stones
 f - 59 sling bullets
 g - 4 throwing nets
 o - 7 boomerangs
 p - 38 poisoned darts (quivered)
 q - 456 arrows
 u - 57 bolts
 B - 4 boomerangs of dispersal
 M - 4 curare-tipped darts
 P - 5 datura-tipped darts
 T - 3 javelins
Armour
 j - a +2 pair of boots (worn)
 O - the +1 cloak of Catatonia (worn) {Int+3 SInv Stlth+}
   (You found it on level 11 of the Dungeon)

   It affects your intelligence (+3).
   It lets you see invisible.
   It makes you more stealthy.
 X - a +0 pair of gloves (worn)
 Y - a +3 chain mail of fire resistance (worn)
 Z - the +1 ring mail "Ugyirit" {rC+ MR+}
   (You found it on level 8 of the Dungeon)

   It protects you from cold.
   It affects your resistance to hostile enchantments.
Jewellery
 i - a +6 ring of dexterity (right hand)
 D - an uncursed amulet of guardian spirit
 H - an amulet of reflection (around neck)
 L - a ring of protection from cold (left hand)
 R - an uncursed ring of ice
Wands
 e - a wand of acid (8)
 E - a wand of random effects (44)
 K - a wand of digging (19)
 S - a wand of paralysis (7)
Scrolls
 k - 3 scrolls of fog {unknown}
 l - 2 scrolls of enchant weapon
 r - 7 scrolls of remove curse
 w - 2 scrolls of immolation
 x - 5 scrolls of enchant armour
 y - 3 scrolls of blinking
 z - a scroll of noise
 A - 6 scrolls of magic mapping {unknown}
 F - 6 scrolls of teleportation {unknown}
 J - a scroll of fear
 Q - 2 scrolls of summoning
 U - a scroll of silence
Potions
 h - a potion of resistance
 m - 7 potions of curing
 n - 4 potions of mutation {unknown}
 s - 3 potions of flight
 t - 2 potions of heal wounds
 v - 2 potions of cancellation
 G - 3 potions of ambrosia
 I - a potion of might
 N - a potion of invisibility
 V - 2 potions of haste
 W - a potion of lignification


   Skills:
 + Level 13.9 Fighting
 + Level 18.0(19.1) Axes
 - Level 12.2(16.4) Maces & Flails
 + Level 1.9 Throwing
 + Level 12.8 Armour
 + Level 5.7 Dodging
 + Level 2.0 Stealth
 + Level 0.1 Evocations


You had 13 spell levels left.
You didn't know any spells.
Your spell library contained the following spells:

 Spells                   Type           Power        Failure   Level
 Corona                   Hex            #......      90%         1
 Slow                     Hex            #.......     97%         2
 Confusing Touch          Hex            #.......     99%         3
 Gell's Gravitas          Tloc           #.........   99%         3
 Inner Flame              Hex/Fire       #.......     99%         3
 Portal Projectile        Hex/Tloc       #.....       99%         3
 Cause Fear               Hex            #.........   100%        4
 Leda's Liquefaction      Hex/Erth       #.........   100%        4
 Petrify                  Tmut/Erth      #.......     100%        4
 Metabolic Englaciation   Hex/Ice        #.........   100%        5
 Yara's Violent Unravell  Hex/Tmut       #.........   100%        5


Dungeon Overview and Level Annotations

Branches:
Dungeon (15/15) Temple (1/1) D:6 Lair (0/6) D:10 Orc (0/2) D:10 Vaults (0/5) D:13 D:14 Sewer (visited) Depths: D:15

Altars:
Ashenzari
Cheibriados
Dithmenos
Elyvilon
Fedhas
Gozag
Hepliaklqana
Kikubaaqudgha
Makhleb
Nemelex Xobeh
Okawaru
Qazlal
Ru
Sif Muna
Trog
Uskayaw
Vehumet
Wu Jian
Xom
Yredelemnul
Zin
The Shining One

Shops:
D:5 =(:!

Portals:
Trove: D:12 (give 12 scrolls of teleportation)


Innate Abilities, Weirdness & Mutations

You reflexively headbutt those who attack you in melee.
You have a pair of horns on your head.
You tend to lose your temper in combat.
Armour fits poorly on your strangely shaped body.
Your body sometimes deteriorates upon taking damage.


Message History

A starcursed mass splits. x2
A deafening chorus of shrieks assaults your mind!
You suddenly lose the ability to move!
You can move again.
You start resting.
The raiju bursts into living lightning!
The living lightning hits you!
* * * LOW HITPOINT WARNING * * *
The living lightning hits you!
* * * LOW HITPOINT WARNING * * *
The raiju blinks!
Your skin crawls.
You feel resistant to hostile enchantments.
The starcursed mass engulfs you!
* * * LOW HITPOINT WARNING * * *
The starcursed mass engulfs you.
* * * LOW HITPOINT WARNING * * *
The raiju bursts into living lightning!
The living lightning misses you. The living lightning hits you!
You die...

## # # h ##. # .##
. #### ##### ###...
....###.###.#.. #.
.. #.##.X...h#†. .
.. # #..#XX. †._.#
...# #.hXX#..
.X.....# #
#..#@###...∩X......
#. ##.###..XX. ..
..
##...###....X.... #
# .##...# ....
...X.# . #.. #. .
...X..# .#.. . ...
.. ...#. .###... .
... ..#. ... #...
.# . # . .# . .


You could see 5 starcursed masses and a raiju.

Vanquished Creatures
  Rupert (D:12)
  An Executioner (Abyss:2)
  2 tentacled starspawn (Abyss:2)
  Josephine (D:9)
  Fannar (D:12)
  An ogre mage (D:15)
  A great orb of eyes (Abyss:2)
  Harold (D:9)
  Erolcha (D:12)
  4 centaur warriors
  2 boulder beetles
  8 two-headed ogres
  2 sixfirhies (Abyss:2)
  21 starcursed masses (Abyss:2)
  A wizard (D:13)
  2 unseen horrors
  An orc knight (D:13)
  A deep elf mage (D:13)
  A cyclops (D:12)
  8 ugly things
  A centaur zombie (D:14)
  3 manticores
  A shadow dragon skeleton (Abyss:2)
  3 gargoyles
  Maggie (D:9)
  An efreet (D:14)
  An ancient zyme (Abyss:2)
  3 trolls
  3 meliai
  Prince Ribbit (D:5)
  A meliai (shapeshifter) (D:15)
  3 blink frogs (Abyss:2)
  2 small abominations (Abyss:2)
  5 raiju (Abyss:2)
  A meliai zombie (D:11)
  2 shadows
  A vampire (D:13)
  4 wyverns
  8 wraiths
  3 basilisks
  23 yaks
  2 ynoxinuls (Abyss:2)
  Eustachio (D:5)
  2 neqoxecs (Abyss:2)
  16 humans
  A steam dragon (D:13)
  Edmund (D:4)
  Menkaure (D:4)
  An acid dragon (D:12)
  5 hell hounds (Abyss:2)
  4 water moccasins (D:9)
  3 orc warriors
  3 black bears
  2 ice beasts
  An eye of draining (D:11)
  A phantom (D:12)
  4 sky beasts
  A necrophage (D:10)
  2 wolves (D:9)
  13 centaurs
  6 ogres
  2 big kobolds
  Blork the orc (D:5)
  A wyvern zombie (D:15)
  9 bullfrogs
  4 scorpions
  3 killer bees (D:10)
  6 wights
  5 howler monkeys
  2 quasits (D:9)
  A bullfrog zombie (D:6)
  5 orc priests
  3 jellies
  2 centaur skeletons
  7 hounds
  An iron imp (Abyss:2)
  Crazy Yiuf (D:6)
  2 bullfrog skeletons (D:7)
  4 iguanas
  9 orc wizards
  10 worker ants
  A howler monkey zombie (D:9)
  A worker ant zombie (D:8)
  Robin (D:4)
  2 howler monkey skeletons
  2 river rats (Sewer)
  13 adders
  2 shadow imps
  4 white imps
  3 ufetubi
  3 oozes
  3 adder skeletons
  3 worms
  2 dart slugs (D:2)
  7 leopard geckos
  43 orcs
  4 giant cockroaches
  20 goblins
  7 hobgoblins
  12 jackals
  6 quokkas
  2 ball pythons
  3 bats
  5 frilled lizards
  11 kobolds
  8 rats
  2 starspawn tentacles (Abyss:2)
450 creatures vanquished.

Vanquished Creatures (collateral kills)
  The ghost of bladeefan the Cleaver, a novice DsFi of Yredelemnul (D:9)
  A deep elf mage (D:12)
  A centaur skeleton (D:12)
  A neqoxec (D:9)
  A wight (D:12)
  A quasit (D:9)
  A bullfrog skeleton (D:12)
7 creatures vanquished.

Vanquished Creatures (others)
  A phantom (D:12)
  3 fungi
  11 plants
  4 starspawn tentacles (Abyss:2)
19 creatures vanquished.

Grand Total: 476 creatures vanquished

Notes
Turn   | Place    | Note
-------+----------+-------------------------------------------
     0 | D:1      | snetch the Minotaur Berserker began the quest for the Orb.
     0 | D:1      | Reached XP level 1. HP: 19/19 MP: 0/0
    73 | D:2      | Found an iron altar of Okawaru.
    79 | D:2      | Reached skill level 4 in Axes
    79 | D:2      | Reached XP level 2. HP: 19/27 MP: 1/1
   448 | D:1      | Reached XP level 3. HP: 33/33 MP: 2/2
  1043 | D:3      | Reached ** piety under Trog
  1070 | D:3      | Reached skill level 5 in Axes
  1219 | D:3      | Reached XP level 4. HP: 39/40 MP: 3/3
  1264 | D:3      | Found a glowing drain.
  1268 | Sewer    | Entered a sewer
  1516 | Sewer    | Noticed a big kobold
  1536 | Sewer    | Killed a big kobold
  1536 | Sewer    | Reached XP level 5. HP: 41/47 MP: 4/4
  1554 | Sewer    | Found a white marble altar of Elyvilon.
  1866 | D:2      | Found a broken altar of Ashenzari.
  1866 | D:2      | Found a shimmering blue altar of Sif Muna.
  1889 | D:2      | Found a shimmering altar of Xom.
  1896 | D:2      | Reached skill level 6 in Axes
  2233 | D:2      | Found a glowing golden altar of the Shining One.
  2357 | D:4      | Reached skill level 5 in Fighting
  2365 | D:4      | Reached XP level 6. HP: 55/56 MP: 5/5
  2558 | D:4      | Noticed Robin
  2564 | D:4      | Reached *** piety under Trog
  2572 | D:4      | Killed Robin
  3048 | D:5      | Entered Level 5 of the Dungeon
  3049 | D:5      | Reached skill level 7 in Axes
  3065 | D:5      | Found Pofeaw's Distillery.
  3081 | D:5      | Bought a potion of curing for 39 gold pieces
  3122 | D:4      | Noticed Menkaure
  3128 | D:4      | Killed Menkaure
  3128 | D:4      | Reached XP level 7. HP: 40/61 MP: 6/6
  3414 | D:4      | Noticed Edmund
  3433 | D:4      | Killed Edmund
  3433 | D:4      | Reached skill level 8 in Axes
  4443 | D:5      | Found an ornate altar of the Wu Jian Council.
  4488 | D:5      | Noticed Eustachio
  4511 | D:5      | Killed Eustachio
  4511 | D:5      | Reached skill level 9 in Axes
  4594 | D:5      | Noticed Prince Ribbit
  4609 | D:5      | Killed Prince Ribbit
  4609 | D:5      | Reached skill level 5 in Armour
  4609 | D:5      | Reached XP level 8. HP: 33/70 MP: 4/7
  4615 | D:5      | Reached skill level 1 in Maces & Flails
  4634 | D:5      | Found Rext's Weapon Boutique.
  4650 | D:5      | Noticed Blork the orc
  4668 | D:5      | Killed Blork the orc
  4843 | D:5      | Found Weeve's Jewellery Boutique.
  4869 | D:5      | Found Oxtuc's Book Emporium.
  4879 | D:5      | Reached skill level 10 in Axes
  5076 | D:6      | Found a staircase to the Ecumenical Temple.
  5083 | Temple   | Entered the Ecumenical Temple
  5376 | D:6      | Found a stormy altar of Qazlal.
  5515 | D:6      | Found a blossoming altar of Fedhas.
  5828 | D:6      | Found a runed translucent door.
  5829 | D:6      | Noticed Crazy Yiuf
  5837 | D:6      | Killed Crazy Yiuf
  6213 | D:7      | Reached **** piety under Trog
  6218 | D:7      | Reached XP level 9. HP: 76/78 MP: 6/8
  6345 | D:7      | Reached skill level 5 in Maces & Flails
  7017 | D:7      | Found a sparkling altar of Nemelex Xobeh.
  7017 | D:7      | Found a radiant altar of Vehumet.
  7090 | D:9      | Found a transporter.
  7090 | D:9      | Noticed bladeefan's ghost (novice DsFi)
  7435 | D:8      | Got an opal-encrusted ring mail
  7736 | D:9      | Found a transporter.
  7754 | D:9      | Identified the +1 ring mail "Ugyirit" {rC+ MR+} (You found
                  | it on level 8 of the Dungeon)
  7810 | D:9      | Found a glowing golden altar of the Shining One.
  7827 | D:9      | Noticed Maggie
  7839 | D:9      | Killed Maggie
  7839 | D:9      | Reached skill level 1 in Stealth
  7887 | D:10     | Entered Level 10 of the Dungeon
  7887 | D:10     | Found a staircase to the Orcish Mines.
  7906 | D:10     | Noticed Josephine
  7928 | D:9      | Killed Josephine
  7928 | D:9      | Reached XP level 10. HP: 24/88 MP: 3/9
  8231 | D:9      | Reached ***** piety under Trog
  8413 | D:9      | Noticed Harold
  8429 | D:9      | Killed Harold
  8429 | D:9      | Reached skill level 10 in Maces & Flails
  8429 | D:9      | Reached skill level 1 in Throwing
  8764 | D:9      | Found a snail-covered altar of Cheibriados.
  8982 | D:10     | Found a staircase to the Lair.
  8982 | D:10     | Noticed a gargoyle
  8991 | D:9      | Killed a gargoyle
  9820 | D:9      | Found a sparkling altar of Nemelex Xobeh.
 10187 | D:10     | Reached XP level 11. HP: 99/99 MP: 10/10
 10405 | D:10     | Reached skill level 10 in Armour
 10722 | D:10     | Reached skill level 10 in Fighting
 11205 | D:9      | Killed bladeefan's ghost
 11366 | D:12     | Received a gift from Trog
 11381 | D:12     | Killed an unseen horror
 11661 | D:11     | Noticed a purple ugly thing
 11669 | D:11     | Killed a purple ugly thing
 11984 | D:11     | Got a scorched falchion
 11985 | D:11     | Identified the +5 falchion of the End of Times {vorpal,
                  | *Noise Int+2 SInv} (You found it on level 11 of the
                  | Dungeon)
 12218 | D:11     | Got a spiked cloak
 12228 | D:11     | Identified the +1 cloak of Catatonia {Int+3 SInv Stlth+}
                  | (You found it on level 11 of the Dungeon)
 12605 | D:12     | Noticed Rupert
 12612 | D:12     | Killed Rupert
 12612 | D:12     | Reached skill level 11 in Axes
 12622 | D:12     | Noticed a deep elf mage
 12623 | D:12     | Found a portal to a secret trove of treasure.
 12649 | D:12     | Killed a deep elf mage
 12649 | D:12     | Reached XP level 12. HP: 41/110 MP: 11/11
 12661 | D:12     | Reached skill level 12 in Axes
 12724 | D:12     | Reached skill level 5 in Dodging
 13093 | D:12     | Noticed Fannar
 13100 | D:12     | Killed Fannar
 13180 | D:12     | Noticed a boulder beetle
 13187 | D:12     | Killed a boulder beetle
 13187 | D:12     | Reached skill level 13 in Axes
 13195 | D:12     | Noticed Erolcha
 13201 | D:12     | Killed Erolcha
 13634 | D:13     | Noticed a centaur warrior
 13644 | D:13     | Killed a centaur warrior
 13698 | D:14     | Noticed a centaur warrior
 13800 | D:14     | Killed a centaur warrior
 13840 | D:13     | Reached skill level 14 in Axes
 14038 | D:14     | Found a gate to the Vaults.
 14038 | D:14     | Noticed a boulder beetle
 14038 | D:14     | Noticed a centaur warrior
 14038 | D:14     | Noticed a two-headed ogre
 14159 | D:14     | Noticed a two-headed ogre
 14169 | D:13     | Reached XP level 13. HP: 89/119 MP: 12/12
 14376 | D:13     | Reached skill level 15 in Axes
 15037 | D:15     | Entered Level 15 of the Dungeon
 15230 | D:15     | Reached skill level 16 in Axes
 15608 | D:14     | Received a gift from Trog
 15891 | D:14     | Cast into level 2 of the Abyss (a wizard)
 15912 | Abyss:2  | Noticed a starcursed mass
 15919 | Abyss:2  | Noticed a starcursed mass
 15933 | Abyss:2  | Reached skill level 17 in Axes
 15957 | Abyss:2  | Noticed a tentacled starspawn
 16181 | Abyss:2  | Noticed a starcursed mass
 16186 | Abyss:2  | Paralysed by accursed screaming for 1 turns
 16194 | Abyss:2  | Paralysed by accursed screaming for 1 turns
 16360 | Abyss:2  | Noticed a tentacled starspawn
 16363 | Abyss:2  | Killed a tentacled starspawn
 16363 | Abyss:2  | Reached XP level 14. HP: 95/130 MP: 13/13
 16363 | Abyss:2  | Noticed an Executioner
 16369 | Abyss:2  | Killed an Executioner
 16438 | Abyss:2  | Gained mutation: You tend to lose your temper in combat. [a
                  | neqoxec]
 16621 | D:14     | Escaped the Abyss
 16720 | D:14     | Cast into level 2 of the Abyss (a wizard)
 16720 | Abyss:2  | Found a corrupted altar of Lugonu.
 16757 | Abyss:2  | Gained mutation: Armour fits poorly on your strangely
                  | shaped body. [a neqoxec]
 16759 | Abyss:2  | Noticed a tentacled starspawn
 16761 | Abyss:2  | Gained mutation: Your body sometimes deteriorates upon
                  | taking damage. [a neqoxec]
 16766 | Abyss:2  | Killed a tentacled starspawn
 16783 | Abyss:2  | Reached skill level 18 in Axes
 16870 | Abyss:2  | Noticed a starcursed mass
 16879 | Abyss:2  | Paralysed by accursed screaming for 1 turns
 16888 | Abyss:2  | Killed from afar by a raiju

Illustrated notes

Levels and vault maps discovered:
D:1:      minmay_arrival_stone_box, layout_loops_cross,
          hangedman_decor_diamond_cutter, serial_bayou_lagoon_a
D:2:      layout_rooms, lemuel_round_altar, okawaru_metal_pillars_1_2,
          nicolae_tso_swordbearing_angel, gammafunk_temple_overflow_elements
D:3:      layout_loops_ring, gup_sewer_entry_bowl, minmay_between
D:4:      layout_basic, uniq_menkaure, uniq_robin, uniq_edmund
D:5:      layout_basic, kennysheep_mini, serial_shops, shop, shop, shop, shop,
          kennysheep_crisscross, st_stairs_14, uniq_blork_the_orc,
          uniq_eustachio, uniq_prince_ribbit1
D:6:      layout_basic, grunt_temple_overflow_forces_of_nature,
          minmay_temple_entry_overgrown, uniq_crazy_yiuf_cottage
D:7:      layout_gridville, gammafunk_temple_overflow_wave
D:8:      layout_loops_ring, item_on_display_a
D:9:      layout_layer_cave, lemuel_round_altar, gammafunk_ghost_stat_death,
          basic_altar, nemelex_dance_club_becter, uniq_maggie, uniq_harold
D:10:     layout_long_grid, minmay_lair_entry_grove, david_orc_2,
          serial_bayou_pond_d, uniq_josephine
D:11:     layout_loops_corners, kennysheep_nub
D:12:     layout_basic, nicolae_trove_entry_crossroad, lemuel_flamethrower_3,
          uniq_rupert, uniq_erolcha, uniq_fannar
D:13:     layout_loops_ring, special_room [special_room_bee], uniq_urug
D:14:     layout_cave_pools, david_vaults_3, corexii_corridor_pit,
          lemuel_statue_altar
D:15:     hangedman_depths_entry_try_elsewhere_first, layout_small_grid,
          hangedman_abyss_or_decor_clamps, tgw_fedhas
Temple:   grunt_temple_mini_profane
Abyss:2:  base: D:12, hangedman_abyss_exit_choices, base: D:3, minivault_23

Skill      XL: |  1  2  3  4  5  6  7  8  9 10 11 12 13 14 |
---------------+-------------------------------------------+-----
Fighting       | 4 5 6 8 9 11 12 13 | 13.9
Axes           | 4 5 6 7 9 10 11 14 17 18 | 18.0
Armour         | 3 4 5 6 7 9 10 11 12 | 12.8
Dodging        | 3 4 5 |  5.7
Maces & Flails | 4 9 11 12 | 12.2
Stealth        | 1 2 |  2.0
Throwing       | 1 |  1.9
Evocations     | |  0.1

Action                   |  1- 3 |  4- 6 |  7- 9 | 10-12 | 13-15 || total
-------------------------+-------+-------+-------+-------+-------++-------
Melee: Hand axe          |    81 |    97 |       |       |       ||   178
       Headbutt          |    15 |    21 |    55 |    84 |    56 ||   231
       War axe           |       |    33 |    42 |       |       ||    75
       Flail             |       |       |   187 |       |       ||   187
       Morningstar       |       |       |    51 |   192 |       ||   243
       Executioner's axe |       |       |       |   168 |   206 ||   374
Throw: Dart              |       |       |     7 |     5 |       ||    12
Invok: Berserk           |     1 |     2 |     2 |     4 |     6 ||    15
       Trog's Hand       |       |     2 |       |     2 |     3 ||     7
       Brothers in Arms  |       |       |       |     2 |       ||     2
Evoke: Wand              |       |       |     1 |       |       ||     1
  Use: Scroll            |       |       |    14 |     8 |       ||    22
       Potion            |       |       |       |     1 |       ||     1
 Stab: Distracted        |       |       |       |     1 |       ||     1
Armor: Animal skin       |     1 |       |       |       |       ||     1
       Scale mail        |    27 |    56 |     7 |       |       ||    90
       Plate armour      |       |       |   202 |       |       ||   202
       Chain mail        |       |       |    14 |   442 |   156 ||   612
       Ring mail         |       |       |     3 |       |       ||     3
Dodge: Dodged            |    51 |    88 |   135 |   294 |   143 ||   711
Block: Other             |       |       |       |    59 |    50 ||   109
       Reflection        |       |       |       |     7 |     6 ||    13

Table legend: (Time is in decaauts)
 A = Elapsed time spent in this place.
 B = Non-inter-level travel time spent in this place.
 C = Inter-level travel time spent in this place.
 D = Time resting spent in this place.
 E = Time spent auto-exploring this place.
 F = Levels seen in this place.
 G = Mean time per level.
                   A        B        C        D        E       F      G
               +--------+--------+--------+--------+--------+-----+--------+
         Total |  17239 |  16301 |    938 |   3139 |   8240 |  19 |  907.3 |
       Dungeon |  15751 |  14850 |    901 |   2875 |   7423 |  15 | 1050.1 |
        Temple |    195 |    158 |     37 |      0 |    157 |   1 |  195.0 |
         Abyss |    933 |    933 |      0 |    233 |    443 |   2 |  466.5 |
         Sewer |    359 |    359 |      0 |     31 |    217 |   1 |  359.0 |
               +--------+--------+--------+--------+--------+-----+--------+

Top non-repeatable levels by time:
     D:9: 2443 daAuts
    D:13: 1455 daAuts
    D:10: 1314 daAuts
    D:11: 1157 daAuts
     D:4: 1139 daAuts
    D:12: 1096 daAuts
     D:3: 1073 daAuts
     D:7: 1016 daAuts
 Abyss:2: 933 daAuts
     D:1: 858 daAuts
     D:5: 857 daAuts
     D:2: 830 daAuts
     D:6: 769 daAuts
     D:8: 671 daAuts
    D:15: 545 daAuts
